 Dungeon Crawl Stone Soup version 0.30.0-3-ga4e48a9924 (webtiles) character file.

Game seed: 15437615778820450209

15173 domi the Severer (level 11, -8/156 HPs)
             Began as a Minotaur Berserker on May 7, 2023.
             Was an Elder of Trog.
             Mangled by a nine-headed hydra (13 damage)
             ... on level 11 of the Dungeon.
             The game lasted 00:13:20 (10634 turns).

domi the Severer (Minotaur Berserker)              Turns: 10634, Time: 00:13:20

Health: -8/156     AC: 16    Str: 26    XL:     11   Next: 98%
Magic:  10/10      EV: 11    Int:  4    God:    Trog [****..]
Gold:   583        SH:  0    Dex: 10    Spells: 10/10 levels left

rFire   + . .        B - +4 battleaxe
rCold   + + .        (shield currently unavailable)
rNeg    . . .        w - +1 swamp dragon scales {rPois}
rPois   +            (helmet restricted)
rElec   +            (no cloak)
rCorr   +            f - +2 pair of gloves
SInv    .            t - +0 pair of boots
Will    ++...        (no amulet) Stlth
                     v - ring of protection from cold {rC+}
HPRegen 1.46/turn    (no ring)
MPRegen 0.12/turn

%: no passive effects
@: mighty, berserking, resistant, strong-willed, regenerating, very quick
A: horns 2, retaliatory headbutt
a: Renounce Religion, Berserk, Trog's Hand, Brothers in Arms


You were on level 11 of the Dungeon.
You worshipped Trog.
Trog was greatly pleased with you.
You visited 1 branch of the dungeon, and saw 11 of its levels.
You also visited: Ossuary.

You collected 583 gold pieces.

Inventory:

Hand Weapons
 i - a +3 heavy hand axe
   (You found it on level 2 of the Dungeon)
 A - a +3 war axe
   (You took it off a wight on level 7 of the Dungeon)
 B - a +4 battleaxe (weapon)
   (You took it off a wight on level 7 of the Dungeon)
Missiles
 a - 2 curare-tipped darts {=f}
 y - a throwing net (quivered) {=f, !d=f}
 C - 2 silver boomerangs
Armour
 f - a +2 pair of gloves (worn)
   (You found it on level 2 of the Dungeon)
 t - a +0 pair of boots (worn)
   (You found it on level 5 of the Dungeon)
 w - +1 swamp dragon scales (worn) {rPois}
   (You took it off Maggie on level 8 of the Dungeon)
Jewellery
 g - a ring of fire {rF+, rC-}
   (You found it on level 2 of the Dungeon)
 v - a ring of protection from cold (left hand) {rC+}
   (You took it off an orc wizard on level 8 of the Dungeon)
 G - an amulet of faith {Faith, !P!P}
   (You found it on level 9 of the Dungeon)
 I - a ring of see invisible {sInv}
   (You found it on level 10 of the Dungeon)
Wands
 c - a wand of flame (43)
   (You took it off Pikel on level 7 of the Dungeon)
 z - a wand of paralysis (15)
   (You took it off an orc on level 7 of the Dungeon)
 J - a wand of roots (7)
   (You found it on level 10 of the Dungeon)
Scrolls
 o - a scroll of fog
 p - 9 scrolls of identify {@r1}
 s - 2 scrolls of noise {unknown}
 u - 2 scrolls of teleportation {@r4}
 E - a scroll of enchant weapon
 F - 3 scrolls of enchant armour
 H - a scroll of magic mapping {!r}
Potions
 b - a potion of might
 d - a potion of mutation {unknown}
 e - 6 potions of attraction {unknown}
 h - 4 potions of heal wounds {@q2}
 j - 3 potions of invisibility {unknown}
 k - a potion of resistance
 l - a potion of magic {unknown}
 m - 7 potions of curing {@q1}
 n - 2 potions of brilliance {unknown}
 q - 9 potions of degeneration {!q}
 r - a potion of lignification {unknown}
 x - a potion of flight {unknown}
 D - a potion of cancellation {unknown}


   Skills:
 + Level 12.2 Fighting
 * Level 16.6 Axes
 + Level 11.9 Armour
 - Level 2.1 Dodging


You had 10 spell levels left.
You didn't know any spells.
Your spell library was empty.

Dungeon Overview and Level Annotations

Branches:
Dungeon (11/15)            Temple (0/1) D:5            Lair (0/5) D:8
    Orc (0/2) D:9         Ossuary (visited)

Altars:
Dithmenos
Elyvilon
Vehumet

Shops:
D:1 *   D:4 :


Innate Abilities, Weirdness & Mutations

You have a pair of horns on your head.
You reflexively headbutt those who attack you in melee.


Message History

Your ogre completely misses the basilisk.
The rakshasa weaves an illusion.
The basilisk bites your ogre!
Your ogre dies!
Your ogre's corpse disappears in a puff of smoke!
Your skin crawls.
You feel strong-willed. Trog will no longer gift you weapons.
The basilisk gazes at you. You resist with almost no effort.
The rakshasa weaves an illusion.
A white ugly thing comes into view.
The white ugly thing gurgles horribly!
The yak bellows!
You hear a bellow!
The basilisk gazes at you. You resist with almost no effort.
The yak bellows!
You slice the basilisk!!
You kill the basilisk!
The basilisk's corpse shimmers and vanishes!
The yaktaur wields a +0 arbalest.
The yaktaur shoots a bolt.
The bolt hits you.
The centaur warrior shoots an arrow.
The arrow hits you!
Your ogre goes berserk!
The centaur warrior shoots an arrow.
The arrow hits you!
* * * LOW HITPOINT WARNING * * *
The yaktaur shoots a bolt.
The bolt hits you.
* * * LOW HITPOINT WARNING * * *
The centaur warrior unwields a +0 shortbow.
The centaur warrior hits you but does no damage.
The centaur warrior closely misses you.
Your ogre rages.
The yaktaur unwields a +0 arbalest.
The yaktaur hits you!
* * * LOW HITPOINT WARNING * * *
The centaur warrior closely misses you.
The centaur warrior kicks you but does no damage.
Items here: ! )))) [[ †.
You slash the centaur warrior!
The centaur warrior is lightly wounded.
You slice the yaktaur!!
The centaur warrior hits you but does no damage.
The centaur warrior kicks you but does no damage.
The yaktaur closely misses you. The yaktaur attacks as you move away!
The yaktaur hits you.
* * * LOW HITPOINT WARNING * * *
The centaur warrior hits you but does no damage.
The centaur warrior kicks you but does no damage.
Your ogre hits the centaur warrior with a +0 giant spiked club!!
The yaktaur hits your ogre!
You hear a bellow!
You feel much better. The centaur warrior hits you!
The centaur warrior closely misses you.
The centaur warrior hits you but does no damage.
The centaur warrior kicks you but does no damage.
Your ogre barely misses the centaur warrior.
The yaktaur hits your ogre!
You feel very mighty all of a sudden. The centaur warrior hits you.
The centaur warrior kicks you but does no damage.
Your ogre hits the centaur warrior with a +0 giant spiked club!
The yaktaur hits your ogre.
You feel protected. The centaur warrior hits you.
* * * LOW HITPOINT WARNING * * *
The centaur warrior kicks you but does no damage.
The centaur warrior hits you but does no damage.
The centaur warrior kicks you but does no damage.
Your ogre barely misses the centaur warrior.
The yaktaur hits your ogre!
You completely miss the centaur warrior.
You headbutt the centaur warrior!
You kill the centaur warrior!
Trog accepts your kill.
Your ogre barely misses the yaktaur.
A red film seems to cover your vision as you go berserk!
You feel yourself moving faster!
You feel mighty! The yaktaur hits your ogre!
Your ogre dies!
Your ogre's corpse disappears in a puff of smoke!
The eight-headed hydra bites you but does no damage. x3
The eight-headed hydra bites you!
* * * LOW HITPOINT WARNING * * *
The eight-headed hydra bites you.
* * * LOW HITPOINT WARNING * * *
The eight-headed hydra barely misses you.
The eight-headed hydra closely misses you.
The eight-headed hydra bites you but does no damage.
You slice one of the eight-headed hydra's heads off!
The seven-headed hydra grows two more!
You slash the nine-headed hydra!
The nine-headed hydra is lightly wounded.
The nine-headed hydra barely misses you.
The nine-headed hydra bites you!
* * * LOW HITPOINT WARNING * * *
The nine-headed hydra bites you.
* * * LOW HITPOINT WARNING * * *
The nine-headed hydra bites you.
* * * LOW HITPOINT WARNING * * *
The nine-headed hydra completely misses you.
The nine-headed hydra bites you but does no damage.
The nine-headed hydra bites you!
* * * LOW HITPOINT WARNING * * *
The nine-headed hydra bites you!
You die...

##........###
##......###
#.....###
###)..###c
###..)###h{# #
##...###.uCY#
#...#..###.Yu#
#....†.cD#
####.###@# #..
### ###


You could see a nine-headed hydra, a yaktaur and a yak (summoned).

Vanquished Creatures
  A centaur warrior (D:11)
  A boulder beetle (D:10)
  3 two-headed ogres
  Amaemon (D:8)
  Pikel (D:7)
  An orange demon (D:8)
  A gargoyle (D:11)
  Maggie (D:8)
  An unseen horror (D:11)
  A centaur simulacrum (D:11)
  A shadow (D:8)
  2 wyverns
  5 yaks (D:8)
  3 wraiths (D:11)
  6 vampire mosquitoes
  2 acid dragons (D:10)
  21 water moccasins
  4 orc warriors
  2 sky beasts
  2 swamp drakes
  6 ice beasts
  Pargi (D:3)
  An ogre (D:9)
  3 black bears
  6 centaurs
  A lemure (D:7)
  A phantom (D:6)
  2 kobold brigands
  5 bullfrogs
  A gnoll sergeant (D:8)
  2 water moccasin zombies (Ossuary)
  A scorpion (D:8)
  4 wights (D:7)
  3 killer bees (D:7)
  2 howler monkeys
  4 hounds
  2 jellies
  A gnoll bouda (D:8)
  5 orc priests
  Terence (D:3)
  Natasha (twice) (D:3)
  An iguana (D:7)
  9 orc wizards
  2 mummies (Ossuary)
  6 gnolls
  28 adders
  A shadow imp (D:7)
  A white imp (D:7)
  4 adder zombies (Ossuary)
  3 dart slugs
  49 orcs
  8 ball pythons
  11 bats
  6 endoplasms
  6 giant cockroaches
  7 goblins
  5 hobgoblins
  7 jackals
  2 quokkas
  2 frilled lizards
  5 gnoll zombies (Ossuary)
  6 hobgoblin zombies (Ossuary)
  11 kobolds
  5 kobold zombies (Ossuary)
  11 orc zombies (Ossuary)
  10 rats
320 creatures vanquished.

Vanquished Creatures (collateral kills)
  A kobold demonologist (D:11)
  A basilisk (D:11)
2 creatures vanquished.

Vanquished Creatures (others)
  A wizard (D:11)
  40 fungi (D:8)
  46 plants (D:8)
87 creatures vanquished.

Grand Total: 409 creatures vanquished

Notes
Turn   | Place    | Note
-------+----------+-------------------------------------------
     0 | D:1      | domi the Minotaur Berserker began the quest for the Orb.
     0 | D:1      | Reached XP level 1. HP: 19/19 MP: 0/0
    65 | D:1      | Reached skill level 4 in Axes
    82 | D:1      | Reached XP level 2. HP: 27/27 MP: 1/1
   216 | D:1      | Reached skill level 4 in Fighting
   248 | D:1      | Found Nozehut's General Store.
   272 | D:1      | Found a faded altar of an unknown god.
   289 | D:1      | Reached skill level 3 in Armour
   292 | D:1      | Reached XP level 3. HP: 10/33 MP: 2/2
   292 | D:1      | HP: 8/33 [poisoned by a goblin]
   898 | D:2      | Reached ** piety under Trog
  1154 | D:2      | Reached XP level 4. HP: 37/40 MP: 3/3
  1399 | D:3      | Reached skill level 5 in Axes
  1495 | D:3      | Noticed Pargi
  1500 | D:3      | Killed Pargi
  1501 | D:3      | Reached XP level 5. HP: 47/47 MP: 4/4
  1538 | D:3      | Reached skill level 4 in Armour
  1711 | D:3      | Found a white marble altar of Elyvilon.
  1711 | D:3      | Found a radiant altar of Vehumet.
  2121 | D:3      | Noticed Terence
  2124 | D:3      | Killed Terence
  2125 | D:3      | Reached skill level 5 in Fighting
  2125 | D:3      | Reached skill level 6 in Axes
  2268 | D:3      | Noticed Natasha
  2271 | D:3      | Killed Natasha
  2338 | D:3      | Noticed Natasha
  2345 | D:3      | Killed Natasha
  2346 | D:3      | Reached XP level 6. HP: 39/56 MP: 5/5
  2457 | D:4      | Reached *** piety under Trog
  2659 | D:4      | Found a sand-covered staircase.
  2668 | Ossuary  | Entered an ossuary
  2734 | Ossuary  | Reached skill level 7 in Axes
  3107 | D:4      | Noticed a yak
  3108 | D:4      | Noticed a steam dragon
  3155 | D:4      | Found Sathir's Book Shoppe.
  3397 | D:5      | Entered Level 5 of the Dungeon
  3453 | D:5      | Reached XP level 7. HP: 62/62 MP: 6/6
  3460 | D:5      | Found a staircase to the Ecumenical Temple.
  3468 | D:5      | Reached skill level 5 in Armour
  3534 | D:5      | Reached skill level 6 in Fighting
  3537 | D:5      | Reached **** piety under Trog
  3903 | D:5      | Reached skill level 8 in Axes
  4327 | D:5      | Found a shadowy altar of Dithmenos.
  4648 | D:6      | Reached skill level 6 in Armour
  4648 | D:6      | Reached XP level 8. HP: 69/71 MP: 7/7
  4710 | D:6      | Reached skill level 9 in Axes
  4722 | D:6      | Reached skill level 7 in Fighting
  5138 | D:7      | Reached skill level 10 in Axes
  5143 | D:7      | Reached skill level 7 in Armour
  5430 | D:7      | Noticed Pikel
  5440 | D:7      | Killed Pikel
  5441 | D:7      | Reached skill level 8 in Fighting
  5441 | D:7      | Reached XP level 9. HP: 81/81 MP: 8/8
  5594 | D:7      | Reached skill level 11 in Axes
  5661 | D:7      | HP: 18/81 [wyvern (11)]
  5900 | D:7      | Reached skill level 8 in Armour
  6873 | D:8      | Reached skill level 9 in Fighting
  6873 | D:8      | Reached skill level 12 in Axes
  7273 | D:8      | Reached XP level 10. HP: 89/91 MP: 9/9
  7433 | D:8      | Reached skill level 9 in Armour
  7446 | D:8      | Found a staircase to the Lair.
  7451 | D:8      | Reached skill level 13 in Axes
  7452 | D:8      | Noticed Maggie
  7463 | D:8      | Killed Maggie
  7466 | D:8      | HP: 22/93 [poisoned by a scorpion]
  7471 | D:8      | HP: 11/93 [poisoned by a scorpion]
  7720 | D:8      | Reached skill level 10 in Fighting
  7754 | D:8      | Noticed Amaemon
  7935 | D:8      | Killed Amaemon
  7935 | D:8      | Noticed an orange demon
  7942 | D:8      | Killed an orange demon
  8162 | D:8      | Reached skill level 14 in Axes
  8162 | D:8      | Reached skill level 10 in Armour
  9215 | D:9      | Found a staircase to the Orcish Mines.
  9494 | D:10     | Entered Level 10 of the Dungeon
  9494 | D:10     | Noticed a two-headed ogre
  9501 | D:10     | Killed a two-headed ogre
  9502 | D:10     | Reached XP level 11. HP: 101/101 MP: 10/10
  9633 | D:10     | Reached ***** piety under Trog
  9652 | D:10     | Reached skill level 11 in Fighting
  9660 | D:10     | Reached skill level 15 in Axes
  9771 | D:10     | Noticed a two-headed ogre
  9772 | D:10     | Noticed a boulder beetle
  9776 | D:10     | Killed a two-headed ogre
  9777 | D:10     | Reached skill level 11 in Armour
  9801 | D:10     | Killed a boulder beetle
 10250 | D:11     | Noticed a two-headed ogre
 10257 | D:11     | Killed a two-headed ogre
 10357 | D:11     | Reached skill level 16 in Axes
 10577 | D:11     | Noticed a wizard
 10579 | D:11     | Reached skill level 12 in Fighting
 10587 | D:11     | Noticed a rakshasa
 10595 | D:11     | Noticed a centaur warrior
 10600 | D:11     | Noticed an eight-headed hydra
 10600 | D:11     | Killed a wizard
 10607 | D:11     | Identified the ring of Autotheism {rPois rC+ rCorr Int-3
                  | Dex+3}
 10607 | D:11     | Noticed a white ugly thing
 10619 | D:11     | Noticed a white ugly thing
 10623 | D:11     | Noticed a white ugly thing
 10625 | D:11     | HP: 25/104 [yaktaur/bolt (5)]
 10632 | D:11     | Killed a centaur warrior
 10633 | D:11     | HP: 36/156 [eight-headed hydra (13)]
 10634 | D:11     | HP: 13/156 [nine-headed hydra (6)]
 10634 | D:11     | HP: 5/156 [nine-headed hydra (8)]
 10634 | D:11     | Mangled by a nine-headed hydra

Illustrated notes

Levels and vault maps discovered:
D:1:      onia_arrival_handbag, layout_rooms, serial_shops,
          nicolae_shop_just_a_little_nook, hellmonk_ecumenical_altar_lost_god
D:2:      layout_loops_ring, dk_noncrumbling_4, st_stairs_7
D:3:      layout_basic, gammafunk_temple_overflow_pools,
          hangedman_decor_clover_reticule, uniq_terence, uniq_natasha,
          uniq_pargi
D:4:      layout_cave_pools, serial_shops, nicolae_shop_crystal,
          nicolae_ossuary_entry_monument, lightli_corner_chamber
D:5:      layout_loops_ring, mainiacjoe_overflow_alcove_2,
          minmay_temple_entry_stoned_glass, st_stairs_9
D:6:      layout_gridville, st_stairs_9
D:7:      layout_basic, minmay_misc_feat_cross, uniq_pikel
D:8:      layout_basic, due_lair_maze_entry_diamond,
          hangedman_abyss_or_decor_passed, uniq_amaemon, uniq_maggie
D:9:      nicolae_cairo_tiling, layout_basic, erik_orc_1, minmay_holes
D:10:     lemuel_reptile_caves, layout_basic
D:11:     minmay_the_grid_triangle_9x9_recursive_2_mashed
          [minmay_the_grid_triangle_9x9_prize_special,
          minmay_the_grid_triangle_9x9_warning,
          minmay_the_grid_triangle_9x9_fully_insulated_deathbox,
          minmay_the_grid_triangle_9x9_semitri], layout_cave_pods, uniq_urug

Skill      XL: |  1  2  3  4  5  6  7  8  9 10 11 |
---------------+----------------------------------+-----
Axes           | 4 5 6 7 8 10 12 14 16 | 16.6
Fighting       | 4 5 6 8 9 10 12 | 12.2
Armour         | 3 4 6 7 8 10 11 | 11.9
Dodging        | |  2.1

Action                     |  1- 3 |  4- 6 |  7- 9 | 10-12 || total
---------------------------+-------+-------+-------+-------++-------
  Melee: Hand axe          |    64 |   144 |   144 |       ||   352
         Headbutt          |     7 |    21 |    33 |    36 ||    97
         Punch             |       |     1 |     1 |       ||     2
         Battleaxe         |       |       |    27 |   265 ||   292
         War axe           |       |       |     1 |       ||     1
 Invoke: Berserk           |       |     2 |     7 |     9 ||    18
         Trog's Hand       |       |       |     1 |     5 ||     6
         Brothers in Arms  |       |       |       |     2 ||     2
    Use: Potion            |     2 |       |       |     8 ||    10
         Scroll            |       |     5 |     4 |     1 ||    10
   Stab: Confused          |       |       |       |     2 ||     2
 Armour: Animal skin       |    14 |    38 |    63 |    13 ||   128
         Swamp dragon scal |       |       |       |   166 ||   166
  Dodge: Dodged            |    48 |    98 |    97 |   158 ||   401

Levels and vault maps discovered:
D:1:      onia_arrival_handbag, layout_rooms, serial_shops,
          nicolae_shop_just_a_little_nook, hellmonk_ecumenical_altar_lost_god
D:2:      layout_loops_ring, dk_noncrumbling_4, st_stairs_7
D:3:      layout_basic, gammafunk_temple_overflow_pools,
          hangedman_decor_clover_reticule, uniq_terence, uniq_natasha,
          uniq_pargi
D:4:      layout_cave_pools, serial_shops, nicolae_shop_crystal,
          nicolae_ossuary_entry_monument, lightli_corner_chamber
D:5:      layout_loops_ring, mainiacjoe_overflow_alcove_2,
          minmay_temple_entry_stoned_glass, st_stairs_9
D:6:      layout_gridville, st_stairs_9
D:7:      layout_basic, minmay_misc_feat_cross, uniq_pikel
D:8:      layout_basic, due_lair_maze_entry_diamond,
          hangedman_abyss_or_decor_passed, uniq_amaemon, uniq_maggie
D:9:      nicolae_cairo_tiling, layout_basic, erik_orc_1, minmay_holes
D:10:     lemuel_reptile_caves, layout_basic
D:11:     minmay_the_grid_triangle_9x9_recursive_2_mashed
          [minmay_the_grid_triangle_9x9_prize_special,
          minmay_the_grid_triangle_9x9_warning,
          minmay_the_grid_triangle_9x9_fully_insulated_deathbox,
          minmay_the_grid_triangle_9x9_semitri], layout_cave_pods, uniq_urug

Table legend: (Time is in decaauts)
 A = Elapsed time spent in this place.
 B = Non-inter-level travel time spent in this place.
 C = Inter-level travel time spent in this place.
 D = Time resting spent in this place.
 E = Time spent auto-exploring this place.
 F = Levels seen in this place.
 G = Mean time per level.
                   A        B        C        D        E       F      G
               +--------+--------+--------+--------+--------+-----+--------+
         Total |  10904 |  10636 |    268 |   2079 |   6981 |  12 |  908.7 |
       Dungeon |  10447 |  10179 |    268 |   1851 |   6871 |  11 |  949.7 |
       Ossuary |    456 |    456 |      0 |    227 |    110 |   1 |  456.0 |
               +--------+--------+--------+--------+--------+-----+--------+

Top non-repeatable levels by time:
     D:7: 1728 daAuts
     D:8: 1570 daAuts
     D:9: 1178 daAuts
     D:5: 1147 daAuts
     D:3: 1077 daAuts
     D:2: 831 daAuts
    D:10: 751 daAuts
     D:6: 636 daAuts
     D:1: 577 daAuts
     D:4: 554 daAuts
 Ossuary: 456 daAuts
    D:11: 393 daAuts

Table legend:
 A = Kills in this place as a percentage of kills in the entire game.
 B = Kills by you in this place as a percentage of kills by you in the entire game.
 C = Kills by friends in this place as a percentage of kills by friends in the entire game.
 D = Other kills in this place as a percentage of other kills in the entire game.
 E = Experience gained in this place as a percentage of experience gained in the entire game.
 F = Experience gained in this place divided by the number of levels of this place that you have seen.
                   A       B       C       D       E      F
               +-------+-------+-------+-------+-------+----------------------
         Total | 100.0 | 100.0 | 100.0 | 100.0 | 100.0 | 1806.4
       Dungeon |  89.1 |  89.0 | 100.0 | 100.0 |  98.9 | 1948.1
       Ossuary |  10.9 |  11.0 |   0.0 |   0.0 |   1.1 | 248.0
               +-------+-------+-------+-------+-------+----------------------
